 Dungeon Crawl Stone Soup version 0.26-a0-540-g8a0c9464d7 (webtiles) character file.

Game seed: 10129035745888255156

259 Iscandelvey the Cutter (level 6, -1/57 HPs)
             Began as a Kobold Berserker on Aug 23, 2020.
             Was a Priest of Trog.
             Slain by an orc priest
             ... wielding a +0 club
              (3 damage)
             ... on level 4 of the Dungeon.
             The game lasted 00:09:12 (2940 turns).

Iscandelvey the Cutter (Kobold Berserker)           Turns: 2940, Time: 00:09:13

Health: -1/57      AC:  9    Str: 15    XL:     6   Next: 40%
Magic:  6/6        EV: 16    Int: 10    God:    Trog [***...]
Gold:   189        SH:  0    Dex: 14    Spells: 5/5 levels left

rFire    . . .     SeeInvis .   f - +0 dagger (protect)
rCold    . . .     Faith    .   (shield restricted)
rNeg     . . .     Spirit   .   b - +0 animal skin
rPois    .         Reflect  .   (no helmet)
rElec    .         Harm     .   i - scarf {repulsion}
rCorr    .                      (no gloves)
MR       .....                  (no boots)
Stlth    ..........             (no amulet)
HPRegen  0.19/turn              (no ring)
MPRegen  0.10/turn              (no ring)

@: berserking (expiring), protection aura, repel missiles, very quick
A: small, nightstalker 3
a: Berserk, Trog's Hand, Renounce Religion


You were on level 4 of the Dungeon.
You worshipped Trog.
Trog was most pleased with you.
You visited 1 branch of the dungeon, and saw 4 of its levels.

You collected 189 gold pieces.

Inventory:

Hand Weapons
 a - a +0 short sword
 f - a +0 dagger of protection (weapon)
 j - a +0 dagger of venom
Missiles
 o - 28 poisoned darts (quivered)
Armour
 b - a +0 animal skin (worn)
 i - a scarf of repulsion (worn)
Jewellery
 h - an uncursed ring of poison resistance {unknown}
Scrolls
 c - 3 scrolls of remove curse {unknown}
 d - a scroll of teleportation {unknown}
 k - 6 scrolls of identify {unknown}
 l - 3 scrolls of enchant weapon {unknown}
 m - 2 scrolls of fog {unknown}
 n - 2 scrolls of magic mapping {unknown}
 r - a scroll of amnesia {unknown}
Potions
 e - a potion of berserk rage {unknown}
 g - 4 potions of haste {unknown}
 p - 2 potions of curing {unknown}
 q - 2 potions of might {unknown}
 s - 2 potions of heal wounds {unknown}
 t - 2 potions of lignification {unknown}
 u - a potion of flight {unknown}


   Skills:
 - Level 3.8 Fighting
 * Level 6.2 Short Blades
 + Level 1.7 Armour
 + Level 3.9 Dodging
 * Level 4.6 Stealth


You had 5 spell levels left.
You didn't know any spells.
Your spell library was empty.

Dungeon Overview and Level Annotations

Branches:
Dungeon (4/15)
 Temple: D:4-7

Altars:
Zin


Innate Abilities, Weirdness & Mutations

You are small and have problems with some larger weapons.
You are completely attuned to the shadows.


Message History

The orc priest looks encouraged for a moment.
You barely miss the orc priest. You barely miss the orc priest.
The orc priest mumbles some strange prayers to Beogh against you.
You barely resist. You barely miss the orc priest.
The orc wizard looks satisfied for a moment.
You barely miss the orc priest. You hit the orc priest.
The orc priest is moderately wounded.
The orc priest hits you with a +0 club.
* * * LOW HITPOINT WARNING * * *
The orc wizard gestures wildly while chanting.
The orc wizard seems to speed up.
You puncture the orc priest!
The orc priest is severely wounded.
You hit the orc priest but do no damage.
The orc priest is severely wounded.
The orc priest hits you with a +0 club.
You die...

##. .. .#
.##########
...........
.#####.###
.# #)#
#########
.# #.#
#.......#
.# #.#
#.#####@#
#)###.# #o#
#.....# #o#
#####.# #o#
#.# #.. #..
.##


You could see 2 orc priests and an orc wizard (fast).

Vanquished Creatures
  A hound (D:2)
  An orc priest (D:4)
  2 orc wizards
  5 adders
  A shadow imp (D:2)
  2 worms
  A dart slug (D:2)
  A leopard gecko (D:3)
  12 orcs
  7 giant cockroaches
  12 goblins
  7 hobgoblins
  11 bats
  5 frilled lizards
  4 kobolds
  5 rats
77 creatures vanquished.

Notes
Turn   | Place    | Note
-------+----------+-------------------------------------------
     0 | D:1      | Iscandelvey the Kobold Berserker began the quest for the
                  | Orb.
     0 | D:1      | Reached XP level 1. HP: 14/14 MP: 1/1
   275 | D:1      | Reached XP level 2. HP: 13/19 MP: 2/2
   445 | D:1      | Reached skill level 1 in Stealth
   551 | D:1      | Reached XP level 3. HP: 20/23 MP: 3/3
   729 | D:1      | Reached ** piety under Trog
  1191 | D:2      | Reached skill level 5 in Short Blades
  1191 | D:2      | Reached XP level 4. HP: 9/29 MP: 4/4
  1802 | D:2      | Reached XP level 5. HP: 33/33 MP: 5/5
  2399 | D:3      | Reached *** piety under Trog
  2483 | D:3      | Reached XP level 6. HP: 38/38 MP: 6/6
  2772 | D:3      | Found a glowing silver altar of Zin.
  2824 | D:4      | Reached skill level 6 in Short Blades
  2938 | D:4      | HP: 2/57 [orc priest/+0 club (3)]
  2940 | D:4      | Slain by an orc priest

Illustrated notes

Levels and vault maps discovered:
D:1:      shiori_arrival_oz, layout_loops_ring
D:2:      layout_rooms
D:3:      layout_rooms, zin_statuary
D:4:      layout_loops_ring, temple_fountains, serial_park_tiny_pond,
          uniq_eustachio

Skill      XL: |  1  2  3  4  5  6 |
---------------+-------------------+-----
Stealth        | 1 2 3 4 |  4.6
Short Blades   | 5 6 |  6.2
Dodging        | 3 |  3.9
Fighting       | |  3.8
Armour         | |  1.7

Action                   |  1- 3 |  4- 6 || total
-------------------------+-------+-------++-------
Melee: Short sword       |    26 |       ||    26
       Dagger            |   101 |   164 ||   265
Invok: Berserk           |     1 |     4 ||     5
 Stab: Sleeping          |    12 |     9 ||    21
Armor: Animal skin       |    19 |    29 ||    48
Dodge: Dodged            |    85 |    89 ||   174

Table legend: (Time is in decaauts)
 A = Elapsed time spent in this place.
 B = Non-inter-level travel time spent in this place.
 C = Inter-level travel time spent in this place.
 D = Time resting spent in this place.
 E = Time spent auto-exploring this place.
 F = Levels seen in this place.
 G = Mean time per level.
                   A        B        C        D        E       F      G
               +--------+--------+--------+--------+--------+-----+--------+
         Total |   2895 |   2794 |    101 |    433 |   1801 |   4 |  723.8 |
       Dungeon |   2895 |   2794 |    101 |    433 |   1801 |   4 |  723.8 |
               +--------+--------+--------+--------+--------+-----+--------+

Top non-repeatable levels by time:
     D:1: 1314 daAuts
     D:2: 775 daAuts
     D:3: 650 daAuts
     D:4: 155 daAuts
